Map: 大气2000-天梯版

Players

iGXY (XY)

  • Race: Terran Terran

CoffeeMs (Coffee) - Winner!

  • Race: Terran Terran
  • League: Master

Event: DreamHack SC2 Masters 2021 Fall

VOD

Have the link to the VOD?

Description

Time

  • Played on: Aug. 5, 2021, 7:25 a.m.
  • Length: 8:20

All games in this series

Show
View Real Time Build Order
Export as new Build Order

iGXY Terran 

Build Orders:  

Get SALT Encoding   

  12  0:00  SCV  
  13  0:12  SCV  
  14  0:16  Supply Depot  
  14  0:24  SCV  
  15  0:38  SCV  
  15  0:39  Barracks  
  16  0:44  Refinery  
  16  0:50  SCV  
  16  0:52  Refinery  
  17  1:02  SCV  
  18  1:14  SCV  
  19  1:25  Reaper  
  19  1:26  Orbital Command  
  19  1:30  Supply Depot  
  20  1:42  Factory  
  20  1:52  SCV  
  21  1:57  Reaper  
  22  2:04  SCV  
  23  2:16  SCV  
  23  2:21  Command Center  
  24  2:26  Hellion  
  24  2:29  Marine  
  26  2:32  SCV  
  27  2:44  SCV  
  27  2:52  Factory Tech Lab  
  27  2:55  Marine, Command Center  
  27  2:56  SCV  
  29  3:05  Starport  
  29  3:06  Supply Depot  
  29  3:08  SCV  
  30  3:18  Marine  
  30  3:21  SCV  
  31  3:27  Cyclone  
  34  3:34  SCV  
  34  3:36  Marine  
  31  3:46  SCV  
  28  3:54  Marine  
  27  3:58  SCV  
  26  4:10  SCV  
  26  4:12  Marine  
  28  4:23  SCV  
  29  4:31  Barracks Reactor  
  29  4:34  Banshee, Cloaking Field, Factory Tech Lab  
  29  4:35  SCV  
  29  4:36  Orbital Command  
  33  4:47  SCV  
  34  4:53  Supply Depot, Siege Tank  
  34  4:55  Orbital Command  
  34  4:59  SCV  
  38  5:09  Marine x2  
  38  5:11  SCV  
  37  5:19  Banshee  
  37  5:23  SCV x2  
  37  5:27  Siege Tank  
  42  5:35  Marine x2, SCV  
  45  5:36  SCV  
  46  5:43  Supply Depot  
  46  5:44  Refinery  
  46  5:47  SCV  
  46  5:48  SCV  
  48  5:58  Marine x2  
  48  5:59  SCV  
  48  6:00  Supply Depot, SCV  
  48  6:02  Raven  
  54  6:06  Supply Depot  
  54  6:09  Siege Tank  
  57  6:11  SCV  
  57  6:12  SCV  
  57  6:16  Supply Depot  
  59  6:19  Marine  
  59  6:21  Marine  
  59  6:25  SCV x2  
  63  6:37  Marine, SCV  
  63  6:38  Marine  
  66  6:44  SCV  
  66  6:45  Raven  
  68  6:49  SCV  
  66  6:55  Marine  
  66  6:56  Marine  
  66  7:00  SCV, Siege Tank  
  67  7:13  Marine, SCV  
  67  7:14  Marine  
  65  7:19  SCV  
  66  7:25  SCV  
  66  7:29  Supply Depot  
  67  7:30  Marine, Command Center  
  67  7:31  SCV  
  67  7:32  Marine, Siege Tank  
  73  7:37  SCV  
  73  7:44  SCV  
  74  7:45  Engineering Bay  
  74  7:48  Marine  
  74  7:49  SCV  
  74  8:00  Marine  
  74  8:05  SCV x2  
Show
View Real Time Build Order
Export as new Build Order

CoffeeMs Terran - Winner!

Build Orders:  

Get SALT Encoding   

  12  0:00  SCV  
  13  0:12  SCV  
  14  0:17  Supply Depot  
  14  0:24  SCV  
  15  0:40  Barracks  
  15  0:41  Refinery  
  15  0:53  Barracks  
  15  0:57  SCV  
  16  1:09  SCV  
  17  1:27  Reaper, Orbital Command  
  17  1:29  Refinery  
  18  1:37  Supply Depot  
  18  1:42  Reaper  
  19  1:54  SCV  
  20  1:59  Reaper  
  21  2:05  Supply Depot  
  21  2:06  SCV  
  22  2:14  Reaper  
  23  2:18  SCV  
  24  2:25  Bunker  
  24  2:30  SCV  
  24  2:31  Reaper  
  26  2:39  Factory  
  26  2:45  SCV  
  28  2:57  SCV  
  28  3:06  Barracks Reactor  
  28  3:10  SCV  
  29  3:20  Command Center  
  29  3:22  SCV  
  29  3:26  Starport  
  30  3:29  Factory Tech Lab  
  27  3:56  Cyclone  
  29  4:04  SCV, Starport Tech Lab  
  29  4:05  Marine x2  
  31  4:16  SCV  
  32  4:21  Refinery  
  32  4:23  Marine x2  
  34  4:27  Raven  
  36  4:32  SCV  
  36  4:33  Orbital Command  
  37  4:41  Command Center  
  37  4:44  SCV  
  37  4:45  Marine x2  
  38  4:51  Siege Tank  
  43  4:56  SCV  
  44  5:00  SCV  
  44  5:03  Supply Depot  
  44  5:08  SCV  
  44  5:12  SCV  
  46  5:20  SCV, Raven  
  48  5:22  Marine x2  
  48  5:24  SCV  
  51  5:29  Siege Tank  
  51  5:32  SCV  
  51  5:34  Supply Depot  
  55  5:36  SCV  
  55  5:40  Marine x2  
  58  5:45  SCV  
  58  5:47  Barracks  
  58  5:48  SCV  
  58  5:49  Barracks  
  60  5:55  Orbital Command  
  60  5:57  SCV  
  61  6:00  SCV  
  61  6:03  Siege Tank  
  65  6:10  SCV  
  66  6:12  SCV  
  66  6:17  Viking x2  
  71  6:22  Refinery, Supply Depot  
  70  6:28  Stimpack  
  70  6:30  SCV x2  
  72  6:49  Viking x2  
  72  6:53  Barracks Reactor x2  
  76  6:58  SCV x2  
  78  7:01  Marine  
  78  7:02  SCV, Siege Tank  
  78  7:05  Engineering Bay  
  78  7:07  Engineering Bay  
  79  7:10  SCV x2  
  79  7:14  SCV  
  80  7:22  SCV x2  
  79  7:27  Viking  
  79  7:28  Viking  
  83  7:34  SCV, Orbital Command  
  83  7:35  SCV, Missile Turret  
  82  7:43  Missile Turret  
  78  7:47  SCV  
  78  7:48  SCV  
  77  7:59  SCV  
  77  8:00  SCV  
  77  8:04  SCV  

Tags
 
Add a new tag
Caveats
  • Supply blocks, unpowered buildings, or Contaminate may cause inaccurate times.
  • Supply counts are checked every 10 seconds.